 Dungeon Crawl Stone Soup version 0.30.1-11-g7821555f0a (webtiles) character file.

Game seed: 16400358969713671456

947 Beranek the Shield-Bearer (level 8, -1/51 HPs)
             Began as a Gargoyle Fighter on Nov 15, 2023.
             Slain by an iguana (7 damage)
             ... on level 6 of the Dungeon.
             The game lasted 00:08:38 (4245 turns).

Beranek the Shield-Bearer (Gargoyle Fighter)        Turns: 4245, Time: 00:08:39

Health: -1/51      AC: 24    Str: 27    XL:     8   Next: 13%
Magic:  8/8        EV:  8    Int: 10    God:
Gold:   282        SH:  5    Dex:  9    Spells: 7/7 levels left

rFire   . . .        l - +0 flail (protect)
rCold   . . .        c - +0 buckler
rNeg    + + .        z - +0 chain mail
rPois   ∞            (no helmet)
rElec   +            (no cloak)
rCorr   .            h - +0 pair of gloves
SInv    .            (no boots)
Will    .....        (no amulet) Stlth
                     i - ring of positive energy
HPRegen 0.28/turn    C - +6 ring of strength
MPRegen 0.11/turn

%: no passive effects
@: under a protective aura
A: sickness immunity, AC +5, negative energy resistance 1, electricity
resistance, torment resistance 1, petrification resistance
a: no special abilities


You were on level 6 of the Dungeon.
You visited 1 branch of the dungeon, and saw 6 of its levels.

You collected 282 gold pieces.

Inventory:

Hand Weapons
 a - a +0 flail
 l - a +0 flail of protection (weapon)
 n - a +0 broad axe
Missiles
 x - 6 poisoned darts
 E - 2 boomerangs (quivered)
Armour
 c - a +0 buckler (worn)
 h - a +0 pair of gloves (worn)
 z - a +0 chain mail (worn)
Jewellery
 i - a ring of positive energy (left hand)
 C - a +6 ring of strength (right hand)
Wands
 w - a wand of polymorph (2)
 y - a wand of flame (25)
Scrolls
 k - 3 scrolls of vulnerability {unknown}
 o - 2 scrolls of teleportation {unknown}
 p - 5 scrolls of identify {unknown}
 q - 2 scrolls of torment {unknown}
 r - a scroll of silence {unknown}
 s - a scroll of magic mapping {unknown}
 t - a scroll of immolation {unknown}
 u - 2 scrolls of fog {unknown}
 v - 2 scrolls of poison {unknown}
 D - a scroll of enchant armour {unknown}
Potions
 b - 2 potions of attraction {unknown}
 d - 2 potions of might
 e - 4 potions of heal wounds {unknown}
 f - 3 potions of curing {unknown}
 g - a potion of mutation {unknown}
 j - a potion of cancellation {unknown}
 m - 4 potions of flight {unknown}
 A - a potion of lignification {unknown}
 B - a potion of brilliance {unknown}


   Skills:
 + Level 5.9 Fighting
 + Level 4.8 Maces & Flails
 + Level 5.9 Armour
 + Level 5.9 Shields


You had 7 spell levels left.
You didn't know any spells.
Your spell library contained the following spells:

 Spells                   Type           Power      Damage    Failure   Level
 Kiss of Death            Conj/Necr      0%         2d5       88%         1
 Magic Dart               Conj           0%         1d3       88%         1
 Ensorcelled Hibernation  Hex/Ice        0%         N/A       96%         2
 Passwall                 Tmut/Erth      0%         N/A       96%         2
 Searing Ray              Conj           0%         2d4       96%         2
 Confusing Touch          Hex            0%         N/A       99%         3
 Ozocubu's Armour         Ice            0%         N/A       99%         3
 Swiftness                Air            0%         N/A       99%         3
 Dispel Undead            Necr           0%         3d6       100%        4
 Fulminant Prism          Conj/Hex       0%         3d5       100%        4
 Ozocubu's Refrigeration  Ice            0%         4d7       100%        7


Dungeon Overview and Level Annotations

Branches:
Dungeon (6/15)
 Temple: D:4-7

Altars:
Fedhas
Gozag
Xom

Shops:
D:3 (   D:4 [   D:5 *


Innate Abilities, Weirdness & Mutations

You are immune to sickness and miasma.
Your stone body is resilient. (AC +5)
You are immune to poison.
You resist negative energy. (rN+)
You are resistant to electric shocks. (rElec)
You are resistant to unholy torment.
You are immune to petrification.


Message History

You closely miss the hound.
The hound is severely wounded.
The hound bites you but does no damage. The orc hits you with a +0 club.
The orc warrior hits you but does no damage.
You block the hound's attack.
You closely miss the hound.
The hound is severely wounded.
The orc closely misses you.
The orc warrior hits you but does no damage.
The hound bites you but does no damage. You block the orc warrior's attack.
The orc barely misses you.
You closely miss the hound.
The hound is severely wounded.
The hound barely misses you. The hound bites you.
* * * LOW HITPOINT WARNING * * *
The orc warrior hits you with a +0 mace.
* * * LOW HITPOINT WARNING * * *
The orc barely misses you.
You hit the hound.
Your weapon exudes an aura of protection.
The hound is almost dead.
The hound bites you but does no damage.
The orc warrior hits you but does no damage.
You block the orc's attack. The hound bites you but does no damage.
You sock the hound!
You kill the hound!
You block the orc's attack.
The orc warrior hits you but does no damage.
You barely miss the iguana.
The iguana bites you but does no damage.
You block the orc's attack.
The orc warrior hits you but does no damage.
You barely miss the iguana.
The iguana bites you but does no damage.
The orc hits you but does no damage. You block the orc warrior's attack.
You barely miss the iguana. The iguana bites you.
* * * LOW HITPOINT WARNING * * *
The orc closely misses you. The orc warrior closely misses you.
You hit the iguana but do no damage. The iguana bites you!
You die...

.~≈≈≈~~≈~≈≈~......#
..~~≈≈≈≈≈≈~.....#
#..~≈~≈≈≈~......#
#....~~~........+
#........>....#
#.....##......#
##.#......#......#
.......o..#......#
..#...l@.#......# .#
.......o###.######...
.#......# #.######.#
#....... #........###
#.|..#.# ##.........#
#......$ +.........#
....########.........#
.#.........'.........#
#####.##.........#


You could see an orc warrior, an iguana and an orc.

Vanquished Creatures
  A water moccasin (D:3)
  2 sky beasts
  A phantom (D:5)
  2 hounds (D:6)
  An orc priest (D:6)
  Jessica (D:2)
  Natasha (thrice) (D:4)
  Terence (D:3)
  An iguana (D:5)
  Ijyb (D:4)
  2 orc wizards
  5 adders
  7 gnolls
  An ufetubus (D:6)
  4 worms
  3 dart slugs
  21 orcs
  7 ball pythons
  6 bats
  3 endoplasms
  3 giant cockroaches
  15 goblins
  4 hobgoblins
  4 jackals (D:2)
  7 quokkas
  6 frilled lizards
  6 kobolds
  5 rats
123 creatures vanquished.

Notes
Turn   | Place    | Note
-------+----------+-------------------------------------------
     0 | D:1      | Beranek the Gargoyle Fighter began the quest for the Orb.
     0 | D:1      | Reached XP level 1. HP: 14/14 MP: 1/1
    24 | D:1      | You fall into a shaft and drop 1 floor!
   108 | D:2      | Reached XP level 2. HP: 18/19 MP: 2/2
   291 | D:1      | Reached XP level 3. HP: 15/23 MP: 3/3
   800 | D:2      | Reached XP level 4. HP: 29/29 MP: 4/4
  1074 | D:2      | Noticed Jessica
  1080 | D:2      | Killed Jessica
  1582 | D:3      | Noticed a sky beast
  1637 | D:3      | Killed a sky beast
  1638 | D:3      | Reached XP level 5. HP: 31/34 MP: 5/5
  1672 | D:3      | Reached XP level 6. HP: 39/39 MP: 6/6
  1770 | D:3      | Found an opulent altar of Gozag.
  1788 | D:3      | Noticed a water moccasin
  1810 | D:3      | Killed a water moccasin
  2164 | D:3      | Found Ylyocon's Weapon Shop.
  2274 | D:3      | Noticed Terence
  2285 | D:3      | Killed Terence
  2455 | D:4      | Reached skill level 5 in Shields
  2552 | D:4      | Noticed Ijyb
  2565 | D:4      | Killed Ijyb
  2566 | D:4      | Reached skill level 5 in Fighting
  2566 | D:4      | Reached skill level 5 in Armour
  2603 | D:4      | Reached XP level 7. HP: 44/44 MP: 7/7
  2755 | D:4      | Noticed Natasha
  2766 | D:4      | Killed Natasha
  3018 | D:4      | Noticed Natasha
  3037 | D:4      | Killed Natasha
  3107 | D:4      | Noticed Natasha
  3118 | D:4      | Killed Natasha
  3126 | D:4      | Found Dutiq's Antique Armour Emporium.
  3284 | D:5      | Entered Level 5 of the Dungeon
  3694 | D:5      | Found a shimmering altar of Xom.
  3834 | D:5      | Found Ithriu's Assorted Antiques.
  3990 | D:6      | Reached XP level 8. HP: 48/51 MP: 8/8
  4203 | D:6      | Found a blossoming altar of Fedhas.
  4245 | D:6      | Slain by an iguana

Illustrated notes

Levels and vault maps discovered:
D:1:      psy_arrival_terrarium, layout_basic, dreamdust_princess_corridor
D:2:      layout_loops_ring, minivault_14, kennysheep_jessica_study
D:3:      kennysheep_the_goblin_king, layout_basic,
          nicolae_gozag_cash_rules_everything_around_me, serial_shops, shop,
          eino_tiny_chamber, uniq_terence
D:4:      layout_loops_ring, serial_shops, nicolae_diamond_shop, uniq_ijyb,
          uniq_natasha
D:5:      layout_cave_pools, mainiacjoe_overflow_tiny_flanked, serial_shops,
          nicolae_lakefront_shop, abandoned_shop
D:6:      layout_basic, fedhas_ov_isle_minmay, mainiacjoe_overflow_two_lobes

Skill      XL: |  1  2  3  4  5  6  7 |
---------------+----------------------+-----
Fighting       | 4 5 |  5.9
Armour         | 4 5 |  5.9
Shields        | 4 5 |  5.9
Maces & Flails | 3 4 |  4.8

Action                     |  1- 3 |  4- 6 |  7- 9 || total
---------------------------+-------+-------+-------++-------
  Melee: Flail             |   127 |   204 |   244 ||   575
         Unarmed           |       |    13 |       ||    13
 Armour: Scale mail        |    65 |   133 |       ||   198
         Chain mail        |       |     5 |   198 ||   203
         Skin              |       |     5 |       ||     5
  Dodge: Dodged            |    80 |   105 |   110 ||   295
  Block: Buckler           |    32 |    49 |    74 ||   155
